Map: 2000 Atmospheres LE

Players

milkicow

  • Race: Terran Terran

ShaDoWn - Winner!

  • Race: Protoss Protoss

Event: DreamHack SC2 Masters 2021 Fall

VOD

Have the link to the VOD?

Description

Time

  • Played on: July 30, 2021, 1:34 p.m.
  • Length: 17:40

All games in this series

Show
View Real Time Build Order
Export as new Build Order

milkicow Terran 

Build Orders:  

Get SALT Encoding   

  12  0:00  SCV  
  13  0:12  SCV  
  14  0:17  Supply Depot  
  14  0:24  SCV  
  15  0:38  SCV  
  15  0:40  Barracks  
  16  0:44  Refinery  
  16  0:51  SCV  
  16  0:54  Supply Depot  
  17  1:03  SCV  
  18  1:10  Barracks  
  18  1:15  SCV  
  19  1:27  Marine  
  19  1:29  Orbital Command  
  20  1:51  Barracks Tech Lab  
  20  1:55  SCV  
  20  1:58  Barracks Tech Lab  
  20  1:59  Barracks Reactor  
  21  2:07  SCV  
  22  2:09  Marauder  
  24  2:19  SCV  
  24  2:20  Command Center  
  25  2:30  Refinery  
  25  2:31  SCV  
  25  2:33  Marauder  
  25  2:35  Reaper  
  25  2:36  Reaper  
  30  2:41  Supply Depot  
  30  2:43  SCV  
  31  2:51  Concussive Shells  
  31  3:03  Marine, SCV  
  33  3:06  Marine  
  34  3:15  SCV  
  34  3:16  Factory  
  34  3:19  Marine  
  36  3:25  Marine  
  37  3:27  SCV  
  37  3:29  Marine  
  39  3:34  Orbital Command  
  39  3:39  SCV  
  40  3:41  Marine  
  40  3:42  Bunker  
  41  3:51  SCV  
  41  3:52  Stimpack  
  41  3:53  Marine  
  41  3:55  Marine  
  42  4:03  SCV x2  
  42  4:04  Starport  
  42  4:08  Factory Tech Lab  
  44  4:15  SCV x2  
  44  4:16  Marine x3  
  49  4:19  Supply Depot  
  49  4:27  SCV  
  49  4:28  SCV  
  51  4:31  Siege Tank  
  51  4:33  Marine  
  51  4:34  Marine x2  
  53  4:40  SCV  
  53  4:41  Supply Depot  
  53  4:43  SCV, Medivac  
  57  4:51  Engineering Bay  
  57  4:52  SCV  
  58  4:53  Marine x3  
  58  4:55  SCV  
  62  5:03  Supply Depot, Siege Tank  
  62  5:07  Refinery, SCV  
  66  5:09  SCV  
  66  5:12  Marine x2  
  69  5:17  Supply Depot  
  69  5:19  SCV  
  69  5:20  Marine, Terran Infantry Weapons Level 1  
  70  5:24  SCV  
  70  5:26  Supply Depot  
  70  5:27  Starport Reactor  
  71  5:30  Marine  
  71  5:32  Marine  
  71  5:34  Barracks  
  73  5:37  SCV  
  73  5:38  Marine  
  73  5:39  SCV  
  76  5:44  Refinery  
  76  5:47  Siege Tank  
  76  5:49  SCV  
  80  5:50  Supply Depot  
  80  5:51  SCV  
  80  5:53  Marine  
  80  5:54  Marine  
  83  6:00  Combat Shield  
  83  6:01  Marine  
  77  6:11  Marine  
  77  6:14  Marine  
  77  6:16  SCV  
  80  6:19  Marauder  
  80  6:22  SCV  
  80  6:25  Starport Reactor  
  83  6:31  Supply Depot  
  83  6:32  Marine, Command Center  
  83  6:38  Siege Tank  
  86  6:41  Marauder  
  86  6:43  Barracks  
  86  6:44  Barracks  
  86  6:46  SCV  
  86  6:49  Marine  
  86  6:52  SCV  
  85  6:58  SCV  
  85  6:59  Marine x2  
  89  7:02  Marauder  
  89  7:03  Supply Depot  
  89  7:04  Medivac x2  
  95  7:11  SCV  
  95  7:14  SCV  
  96  7:17  Marine  
  96  7:21  Marine  
  96  7:22  Marauder  
  97  7:23  SCV, Widow Mine, Marauder  
  97  7:24  Widow Mine  
  97  7:26  SCV  
  97  7:28  Supply Depot  
  105  7:35  Barracks Reactor, Barracks Tech Lab  
  104  7:37  Medivac x2, Missile Turret  
  104  7:39  Marine  
  104  7:40  SCV  
  104  7:42  SCV  
  104  7:43  Marauder  
  113  7:48  Marine, Marauder  
  113  7:50  Widow Mine x2  
  121  7:52  SCV  
  121  7:53  Marauder  
  121  7:55  Orbital Command  
  121  7:57  Marine  
  124  7:59  SCV  
  124  8:01  Terran Infantry Armor Level 1  
  127  8:05  Marauder  
  127  8:06  Marine, SCV  
  127  8:12  Engineering Bay  
  129  8:13  SCV  
  129  8:14  Marine  
  129  8:15  Supply Depot, Armory  
  130  8:21  Marine, Marauder  
  130  8:22  Marine, Marauder  
  130  8:27  Marauder  
  136  8:28  Marine  
  136  8:30  SCV  
  135  8:36  SCV  
  135  8:40  Marine  
  134  8:43  Marauder  
  134  8:44  Marauder  
  134  8:45  SCV x2  
  134  8:48  Refinery x2, Ghost Academy, Marauder  
  142  8:49  SCV  
  142  8:50  Marine x2  
  144  8:57  Missile Turret  
  144  8:59  Widow Mine  
  144  9:00  Viking, Widow Mine  
  149  9:02  Supply Depot  
  149  9:04  Viking  
  149  9:05  Marauder  
  153  9:16  Marauder  
  155  9:20  Terran Infantry Weapons Level 2  
  155  9:23  Enhanced Shockwaves, Command Center  
  155  9:26  Bunker  
  155  9:28  Supply Depot  
  155  9:30  Ghost  
  157  9:35  Ghost  
  159  9:40  Marine  
  159  9:41  Marauder  
  159  9:43  Marine  
  158  9:59  Viking, Marauder  
  85  10:00  Viking  
  155  10:01  SCV  
  155  10:03  Marine  
  155  10:06  Barracks x2  
  159  10:08  Barracks  
  157  10:17  Starport  
  157  10:18  Marine  
  157  10:19  Marine, Marauder x2  
  157  10:21  Marauder  
  165  10:22  SCV x2  
  167  10:29  Supply Depot  
  167  10:31  Viking  
  167  10:38  Marine  
  167  10:40  Marauder  
  167  10:41  Marauder  
  167  10:42  Viking  
  174  10:47  SCV x2  
  174  10:49  Marine  
  179  10:50  Marauder  
  179  10:53  Terran Ship Weapons Level 1  
  179  10:54  Fusion Core  
  179  10:55  Barracks Tech Lab  
  177  11:01  Ghost  
  168  11:08  Marine, Marauder  
  168  11:11  Marine, Marauder  
  130  11:12  Marine  
  130  11:16  SCV  
  118  11:19  SCV  
  118  11:20  Marauder  
  118  11:22  Marine  
  120  11:26  Marine  
  120  11:27  SCV  
  120  11:30  SCV  
  120  11:34  Marine, Marauder  
  120  11:38  Marine, SCV  
  120  11:39  SCV  
  124  11:42  Marauder  
  124  11:43  Marine  
  124  11:45  SCV  
  128  11:50  SCV  
  128  11:51  Marine, SCV  
  128  11:52  Marine x2, Marauder  
  135  11:56  Marine  
  135  11:57  Marauder x2  
  135  12:01  Liberator  
  143  12:03  Liberator  
  143  12:05  SCV  
  143  12:06  Liberator  
  150  12:10  Orbital Command  
  150  12:11  Ghost  
  148  12:20  SCV  
  148  12:22  Ghost  
  146  12:24  Ghost  
  145  12:35  SCV  
  146  12:38  Marine x3, Marauder  
  146  12:40  Marauder  
  146  12:42  Marine  
  154  12:44  Marine  
  154  12:50  SCV  
  156  12:52  Marine  
  156  12:53  Marauder  
  156  12:57  Command Center  
  159  13:08  Marine, SCV  
  159  13:09  Marine x2, Marauder  
  159  13:10  Marine, Marauder  
  165  13:14  Marauder  
  165  13:15  Supply Depot  
  165  13:17  Orbital Command  
  155  13:23  Marine, Marauder  
  156  13:30  Marine  
  156  13:31  Marauder  
  146  13:35  Marine, Marauder  
  146  13:38  Marauder  
  146  13:39  SCV  
  141  13:59  Marine, SCV, Marauder  
  141  14:02  Ghost x2  
  128  14:05  Marine  
  128  14:07  Marine  
  128  14:08  Marine  
  133  14:12  Marauder  
  133  14:16  Marine, SCV  
  126  14:17  SCV  
  121  14:29  Marine  
  121  14:30  SCV, Marauder  
  116  14:37  Marine, Marauder  
  116  14:38  SCV x2, Marauder  
  106  14:48  Marine, Marauder  
  106  14:51  Marine x2, Marauder  
  101  15:05  Marine, Marauder x2  
  101  15:06  SCV, Orbital Command  
  97  15:10  Marauder  
  97  15:12  Marine, SCV  
  99  15:15  Marine  
  99  15:19  Marine  
  99  15:20  Marine  
  103  15:28  Marauder  
  103  15:30  Marine  
  103  15:34  Marine  
  103  15:35  Marauder  
  103  15:47  SCV, Missile Turret  
  102  15:52  Missile Turret  
  102  15:54  Refinery x2  
  99  15:59  Ghost  
  101  16:05  Missile Turret  
  101  16:09  Medivac x2  
  105  16:12  Medivac  
  105  16:16  Medivac  
  106  16:25  Bunker  
  106  16:27  SCV  
  106  16:29  Marauder  
  106  16:31  Marine  
  108  16:33  Marine  
  108  16:39  Marine, Marauder  
  112  16:41  SCV  
  112  16:44  Marine  
  114  16:50  Marine  
  114  16:51  Marine x2, Marauder  
  115  17:01  Marine, Marauder  
  115  17:03  Marine x2, Marauder  
  117  17:09  Marine  
  117  17:10  Marauder  
  117  17:14  Marine  
  117  17:15  SCV, Marauder  
Show
View Real Time Build Order
Export as new Build Order

ShaDoWn Protoss - Winner!

Build Orders: 1 Gate Expand, Colossus Rush 

Get SALT Encoding   

  12  0:00  Probe  
  13  0:12  Probe  
  14  0:17  Pylon  
  14  0:24  Probe  
  15  0:36  Gateway, Probe (Chrono Boost)  
  16  0:47  Assimilator, Probe (Chrono Boost)  
  17  0:52  Probe (Chrono Boost)  
  18  1:03  Probe  
  19  1:15  Probe  
  20  1:23  Cybernetics Core  
  20  1:33  Nexus  
  20  1:38  Probe  
  21  1:45  Pylon  
  21  1:51  Probe  
  21  1:52  Assimilator  
  22  2:02  Adept (Chrono Boost)  
  22  2:03  Warp Gate (Chrono Boost)  
  22  2:04  Probe  
  25  2:16  Probe  
  26  2:23  Sentry (Chrono Boost)  
  26  2:28  Probe  
  29  2:39  Gateway  
  29  2:41  Probe (Chrono Boost)  
  30  2:44  Gateway, Probe (Chrono Boost)  
  31  2:52  Stalker  
  31  2:57  Probe (Chrono Boost)  
  35  2:58  Probe (Chrono Boost)  
  35  3:02  Probe (Chrono Boost)  
  35  3:05  Probe (Chrono Boost)  
  37  3:07  Shield Battery  
  37  3:12  Pylon  
  37  3:13  Probe  
  37  3:17  Probe  
  39  3:25  Probe  
  40  3:29  Probe  
  41  3:38  Probe  
  41  3:39  Adept x3  
  48  3:41  Probe  
  46  3:50  Probe  
  46  3:53  Probe  
  46  3:55  Pylon  
  47  4:00  Sentry x2  
  47  4:01  Stalker  
  53  4:03  Probe  
  53  4:09  Probe (Chrono Boost)  
  55  4:17  Robotics Facility  
  55  4:19  Probe (Chrono Boost)  
  55  4:21  Probe (Chrono Boost)  
  56  4:28  Assimilator  
  56  4:29  Probe (Chrono Boost)  
  56  4:30  Assimilator, Probe (Chrono Boost)  
  58  4:35  Probe  
  59  4:39  Pylon, Probe  
  59  4:44  Pylon  
  60  4:47  Probe  
  60  4:52  Probe  
  62  4:59  Probe  
  63  5:04  Robotics Bay, Probe  
  63  5:05  Observer (Chrono Boost)  
  65  5:16  Forge  
  65  5:18  Twilight Council, Immortal (Chrono Boost)  
  65  5:19  Nexus  
  69  5:29  Stalker x2  
  69  5:33  Stalker  
  69  5:35  Pylon  
  75  5:37  Probe  
  75  5:38  Probe  
  77  5:47  Pylon  
  78  5:50  Colossus (Chrono Boost), Probe  
  78  5:53  Probe  
  85  6:00  Pylon  
  83  6:13  Extended Thermal Lance  
  83  6:15  Charge  
  83  6:16  Probe x2  
  85  6:19  Zealot x2  
  85  6:21  Zealot  
  91  6:28  Shield Battery, Probe  
  92  6:32  Probe  
  92  6:34  Colossus (Chrono Boost)  
  92  6:38  Probe  
  99  6:45  Probe  
  100  6:48  Probe  
  100  6:51  Zealot x3  
  100  6:52  Protoss Ground Weapons Level 1 (Chrono Boost)  
  100  6:53  Probe  
  108  6:57  Probe  
  109  7:01  Probe  
  109  7:07  Gateway, Probe  
  111  7:08  Gateway  
  111  7:11  Gateway  
  111  7:14  Stalker x2  
  111  7:15  Stalker  
  117  7:25  Warp Prism (Chrono Boost)  
  117  7:30  Pylon  
  117  7:31  Pylon  
  117  7:38  Assimilator  
  117  7:39  Assimilator  
  117  7:40  Templar Archives  
  117  7:45  Pylon  
  117  7:48  Probe x3  
  117  7:50  Zealot x3  
  126  7:52  Pylon  
  126  8:00  Probe x2  
  126  8:02  Colossus (Chrono Boost)  
  132  8:06  Zealot x3  
  132  8:11  Pylon  
  138  8:13  Zealot x2  
  142  8:24  Probe  
  142  8:26  Blink (Chrono Boost)  
  144  8:27  Pylon, Probe  
  144  8:31  Zealot x4  
  152  8:36  Probe  
  145  8:47  Probe  
  144  8:48  High Templar x2  
  144  8:54  Archon  
  143  8:56  Protoss Ground Weapons Level 2 (Chrono Boost)  
  143  8:58  Nexus, Probe  
  140  9:04  High Templar x4  
  140  9:07  Pylon, Probe  
  149  9:11  Gateway, Probe  
  149  9:14  Gateway  
  149  9:15  Pylon, Archon, Probe  
  149  9:16  Archon  
  151  9:17  Observer (Chrono Boost)  
  152  9:27  Zealot x2  
  156  9:34  Probe x3  
  156  9:35  Gateway  
  156  9:36  Gateway  
  159  9:40  Pylon, High Templar x2  
  159  9:41  High Templar x2  
  159  9:44  Forge  
  167  9:46  Probe x2  
  167  9:49  Archon x2  
  167  9:52  Probe  
  162  9:58  Photon Cannon, Probe x2  
  161  10:04  Probe  
  161  10:05  Photon Cannon  
  158  10:10  Probe  
  158  10:14  Protoss Ground Armor Level 1 (Chrono Boost)  
  159  10:18  Photon Cannon  
  157  10:25  Photon Cannon, Probe  
  157  10:28  Probe  
  155  10:29  Zealot x5  
  155  10:32  Zealot  
  165  10:36  Zealot x2  
  165  10:42  Zealot x2  
  173  10:46  Probe  
  173  10:47  Probe  
  171  10:50  High Templar x4  
  171  10:51  Zealot  
  171  10:54  Archon x2  
  181  11:00  Zealot x3  
  181  11:06  Probe  
  181  11:07  Probe  
  181  11:11  Probe  
  166  11:16  Zealot x3  
  166  11:17  Disruptor (Chrono Boost)  
  166  11:18  Probe  
  152  11:26  Stalker x3  
  152  11:29  Zealot x2  
  146  11:40  Zealot x5  
  146  11:41  Probe  
  157  11:49  Probe x2  
  157  11:52  Zealot x5  
  169  11:54  Nexus  
  169  11:57  Pylon  
  167  12:11  Disruptor (Chrono Boost)  
  167  12:14  High Templar x4  
  167  12:15  High Templar  
  172  12:20  Probe x3  
  172  12:21  Shield Battery, Probe  
  174  12:25  Photon Cannon  
  174  12:27  Photon Cannon  
  174  12:29  Photon Cannon, Protoss Ground Armor Level 2 (Chrono Boost)  
  174  12:32  Probe  
  174  12:36  Warp Prism (Chrono Boost)  
  177  12:37  Protoss Ground Weapons Level 3 (Chrono Boost)  
  177  12:45  Zealot x5  
  177  12:47  Probe x2  
  177  12:48  Probe  
  190  12:57  Dark Shrine  
  190  12:58  Probe  
  190  12:59  Observer (Chrono Boost)  
  192  13:08  Stalker x4  
  192  13:09  Archon x2  
  195  13:22  Zealot x5  
  198  13:28  Probe  
  198  13:32  Colossus (Chrono Boost)  
  173  13:35  Zealot x5  
  169  13:43  Zealot x5  
  175  13:49  Probe  
  175  13:50  Probe  
  175  13:54  Probe  
  152  13:57  Zealot x5  
  152  13:58  Probe  
  129  14:06  Stalker x3  
  129  14:07  Zealot x2  
  114  14:19  Zealot x4  
  112  14:29  Stalker x5  
  92  14:41  Zealot x4  
  83  14:53  Dark Templar x5  
  93  15:07  Stalker x3  
  99  15:17  Colossus (Chrono Boost)  
  105  15:26  Zealot x5  
  115  15:34  Zealot x2  
  115  15:35  Zealot  
  121  15:46  Dark Templar  
  121  15:52  Nexus  
  121  16:01  Dark Templar  
  121  16:02  Zealot x5  
  129  16:14  Disruptor (Chrono Boost)  
  130  16:18  Robotics Facility, Probe  
  132  16:25  Probe  
  132  16:28  Pylon  
  130  16:35  High Templar x2, Zealot x6  
  130  16:38  Disruptor (Chrono Boost)  
  130  16:39  Archon  
  149  16:40  Archon  
  149  16:46  Pylon  
  147  16:59  Zealot x6  
  152  17:10  Zealot x2  
  152  17:11  Probe  
  153  17:22  Zealot x7  
  161  17:26  Probe  

Tags
 
Add a new tag
Caveats
  • Supply blocks, unpowered buildings, or Contaminate may cause inaccurate times.
  • Supply counts are checked every 10 seconds.